 Dungeon Crawl Stone Soup version 0.31-a0-963-ga325b2283a (webtiles) character file.

Game seed: 8929188287327045886

508 Maxmaps the Changeling (level 7, -2/43 HPs)
             Began as an Octopode Shapeshifter on Oct 25, 2023.
             Splashed by a jelly's acid (5 damage)
             ... on level 4 of the Dungeon.
             The game lasted 00:03:32 (3146 turns).

Maxmaps the Changeling (Octopode Shapeshifter)      Turns: 3146, Time: 00:03:33

Health: -2/43      AC: -7    Str: 13    XL:     7   Next: 18%
Magic:  7/7        EV: 13    Int: 15    God:
Gold:   226        SH:  0    Dex: 11    Spells: 6/6 levels left

rFire   . .          .
                       - Unarmed
rCold   . . .        (no shield)
rNeg    + . .        (helmet currently unavailable)
rPois   +            (no amulet)
rElec   .            g - ring of positive energy
rCorr   .            e - ring of poison resistance
SInv    .            (no ring)
Will    .....        (no ring)
Stlth   +++          (no ring)
HPRegen 0.27/turn    (no ring)
MPRegen 0.10/turn    (no ring)
                     (no ring)

%: no passive effects
@: beast-form, corroded
A: beast (slay +4), almost no armour, amphibious, 8 rings, camouflage 1,
gelatinous body 1, (nimble swimmer 1), tentacles
a: Begin Untransformation


You were on level 4 of the Dungeon.
You were a hulking beast.
You visited 1 branch of the dungeon, and saw 4 of its levels.

You collected 226 gold pieces.

Inventory:

Missiles
 k - a throwing net
Jewellery
 e - a ring of poison resistance (right tentacle)
 g - a ring of positive energy (left tentacle)
 l - a ring of resist corrosion
Talismans
 b - a beast talisman
 c - a flux talisman
Scrolls
 f - a scroll of fog
 m - a scroll of identify
Potions
 a - a potion of haste
 d - a potion of might
 h - a potion of degeneration {unknown}
 i - a potion of magic {unknown}
 j - 2 potions of heal wounds {unknown}


   Skills:
 - Level 1.0 Fighting
 - Level 2.0 Dodging
 + Level 3.5 Stealth
 - Level 3.0 Unarmed Combat
 - Level 7.0 Shapeshifting


You had 6 spell levels left.
You didn't know any spells.
Your spell library was empty.

Dungeon Overview and Level Annotations

Branches:
Dungeon (4/15)
 Temple: D:4-7

Altars:
Hepliaklqana
Uskayaw


Innate Abilities, Weirdness & Mutations

You are a hulking beast.
Your limbs bulge with bestial killing power. (Slay +4)
You cannot wear most types of armour.
You are amphibious.
You can wear up to eight rings at the same time.
Your skin changes colour to match your surroundings (Stealth+).
Your rubbery body absorbs attacks. (AC +1, EV +1)
((You are camouflaged when in or above water. (Stealth+)))
You have tentacles for arms and can constrict up to eight enemies at once.


Message History

No target in view!
HP restored.
Things that are here:
a +0 leather armour; a +1 hand axe of venom; an orc corpse Key pressed, stopping explore.
No target in view!
A jelly comes into view.
The jelly quivers.
The jelly hits you. The acid corrodes you!
You are splashed with acid!
You tentacle-slap the jelly but do no damage.
Your tentacles burn!
You tentacle-slap the jelly. The acid corrodes you!
Your tentacles burn!
You squeeze the jelly.
The jelly is moderately wounded.
The jelly barely misses you.
You tentacle-slap the jelly but do no damage.
Your tentacles burn!
The jelly is moderately wounded.
You tentacle-slap the jelly.
Your tentacles burn!
Your squeeze misses the jelly.
The jelly is heavily wounded.
The jelly barely misses you.
You are too injured to fight recklessly!
You are too injured to fight recklessly!
You are too injured to fight recklessly!
You are too injured to fight recklessly!
You are too injured to fight recklessly!
You are too injured to fight recklessly!
You are too injured to fight recklessly!
You are too injured to fight recklessly!
You are too injured to fight recklessly!
You tentacle-slap the jelly.
Your tentacles burn!
The jelly is severely wounded.
The jelly hits you.
* * * LOW HITPOINT WARNING * * *
You are splashed with acid!
* * * LOW HITPOINT WARNING * * *
You tentacle-slap the jelly but do no damage.
Your tentacles burn!
You die...

.........##................#
#########.........#####.8...
##.#.#####.. #....
####..#.## ### #.#.
#####....##..# ##
......######.#### #######
#....## ####..# ##h# ######
#J# ...... ... ###### ####.
.. .# .. ##


You could see a jelly.

Vanquished Creatures
  Sigmund (D:3)
  An ice beast (D:3)
  An iguana (D:4)
  2 orc wizards
  3 hound zombies (D:3)
  2 adders
  5 worms
  4 dart slugs
  13 orcs
  6 ball pythons
  7 endoplasms
  9 goblins
  6 hobgoblins
  2 jackals (D:2)
  6 kobolds
  6 quokkas
  A ball python skeleton (D:3)
  4 bats
  3 frilled lizards (D:1)
  3 rats
85 creatures vanquished.

Notes
Turn   | Place    | Note
-------+----------+-------------------------------------------
     0 | D:1      | Maxmaps the Octopode Shapeshifter began the quest for the
                  | Orb.
     0 | D:1      | Reached XP level 1. HP: 13/13 MP: 1/1
   109 | D:1      | Reached XP level 2. HP: 15/18 MP: 2/2
   480 | D:1      | Reached XP level 3. HP: 23/23 MP: 3/3
   483 | D:1      | Reached skill level 4 in Shapeshifting
   512 | D:1      | Found a faded altar of an unknown god.
   876 | D:2      | Found a hide-covered altar of Uskayaw.
  1183 | D:2      | Identified a scroll of acquirement
  1183 | D:2      | Acquired a ring of poison resistance
  1350 | D:2      | Reached XP level 4. HP: 27/28 MP: 4/4
  1640 | D:3      | Noticed Sigmund
  1653 | D:3      | Killed Sigmund
  1654 | D:3      | Reached skill level 6 in Shapeshifting
  1654 | D:3      | Reached XP level 5. HP: 13/33 MP: 5/5
  1782 | D:3      | Reached XP level 6. HP: 34/38 MP: 6/6
  2023 | D:3      | Found a hazy altar of Hepliaklqana.
  2147 | D:3      | Noticed an ice beast
  2155 | D:3      | Killed an ice beast
  2388 | D:3      | Reached skill level 7 in Shapeshifting
  2677 | D:4      | Reached XP level 7. HP: 38/43 MP: 7/7
  3146 | D:4      | Splashed by a jelly's acid

Illustrated notes

Levels and vault maps discovered:
D:1:      giann_forest_graveyard, layout_basic, ebering_ecumenical_altar_rust
D:2:      minmay_razor_zed, layout_rooms, basic_altar
D:3:      layout_loops_ring, nicolae_hepliaklqana_hippocampus, serial_undead,
          serial_undead_a, serial_undead_a, serial_undead_f, serial_undead_e,
          minmay_misc_feat_tiny, chequers_garden, uniq_sigmund
D:4:      kennysheep_spiral_hall, layout_rooms, mainiacjoe_overflow_paths,
          grunt_ministairs_2

Skill      XL: |  1  2  3  4  5  6  7 |
---------------+----------------------+-----
Shapeshifting  | 4 6 7 |  7.0
Stealth        | 2 3 |  3.5
Fighting       | |  1.0
Dodging        | |  2.0
Unarmed Combat | |  3.0

Action                     |  1- 3 |  4- 6 |  7- 9 || total
---------------------------+-------+-------+-------++-------
  Melee: Unarmed           |    64 |    68 |    43 ||   175
         Constrict         |    19 |    18 |    12 ||    49
         Tentacles         |     9 |    20 |     9 ||    38
         Punch             |     2 |     2 |     2 ||     6
    Use: Scroll            |     6 |       |     4 ||    10
         Potion            |       |     1 |     1 ||     2
   Stab: Sleeping          |     6 |     3 |       ||     9
         Distracted        |       |       |     1 ||     1
 Armour: Skin              |    19 |    31 |    21 ||    71
  Dodge: Dodged            |    33 |    23 |    22 ||    78

Table legend: (Time is in decaauts)
 A = Elapsed time spent in this place.
 B = Non-inter-level travel time spent in this place.
 C = Inter-level travel time spent in this place.
 D = Time resting spent in this place.
 E = Time spent auto-exploring this place.
 F = Levels seen in this place.
 G = Mean time per level.
                   A        B        C        D        E       F      G
               +--------+--------+--------+--------+--------+-----+--------+
         Total |   3116 |   2949 |    167 |    490 |   1970 |   4 |  779.0 |
       Dungeon |   3116 |   2949 |    167 |    490 |   1970 |   4 |  779.0 |
               +--------+--------+--------+--------+--------+-----+--------+

Top non-repeatable levels by time:
     D:3: 1109 daAuts
     D:2: 856 daAuts
     D:1: 814 daAuts
     D:4: 335 daAuts
